 Dungeon Crawl Stone Soup version 0.30-a0-596-g0af90f9a20 (webtiles) character file.

Game seed: 10815333487969040840

89878 Newt the Blocker (level 15, -6/120 HPs)
             Began as a Demonspawn Gladiator on Jan 6, 2023.
             Was an Initiate of Gozag.
             Succumbed to a reaper's poison
             ... on level 5 of the Lair of Beasts.
             The game lasted 00:36:40 (27161 turns).

Newt the Blocker (Demonspawn Gladiator)            Turns: 27161, Time: 00:36:40

Health: -6/120     AC: 31    Str: 21    XL:     15   Next: 50%
Magic:  15/15      EV: 10    Int: 10    God:    Gozag
Gold:   2218       SH: 25    Dex: 13    Spells: 14/14 levels left

rFire   + + +      SeeInvis +    J - +5 demon whip (vamp)
rCold   + + .      Faith    .    K - +2 tower shield {AC+3}
rNeg    + + .      Spirit   .    u - +6 ice dragon scales of Nuom Uso {rElec rF- rC++}
rPois   .          Reflect  +    c - +1 helmet
rElec   +          Harm     .    j - scarf {shadows}
rCorr   +          Rampage  .    q - +2 pair of gloves {Stlth+}
Will    +++++                    y - +0 pair of boots of the Original Sin {rElec rC- Will+++ rCorr}
Stlth   ++++                     g - amulet of reflection
HPRegen 0.40/turn                D - ring of Scepticism {rF+++ rC+ rN+ Dex-4 SInv Stlth+}
MPRegen 0.14/turn                G - ring of Hedonism {rElec rF+ rN+ Will+}

@: lethally poisoned (-6 -> -28), spiked, gold aura, studying Shields
A: molten scales 2, foul stench 1, spiny 3, weakness stinger 2, thin skeletal
structure 1
a: Renounce Religion, Potion Petition, Call Merchant, Bribe Branch


You were on level 5 of the Lair of Beasts.
You worshipped Gozag.
Gozag was most pleased with you.
You visited 5 branches of the dungeon, and saw 21 of its levels.
You also visited: Bailey.

You collected 7454 gold pieces.
You spent 3172 gold pieces at shops.
You paid 2064 gold pieces to Gozag.

Inventory:

Hand Weapons
 a - the +10 hand axe of Defilement {speed, rC+ rCorr}
   (You found it on level 5 of the Dungeon)

   rC:        It protects you from cold.
   rCorr:     It protects you from acid and corrosion.
 b - a +6 eveningstar
 z - the +5 hand axe of Fate {venom, *Corrode Fly Will++}
   (You bought it in a shop on level 2 of the Orcish Mines)

   Fly:       It grants you flight.
   *Corrode:  It may corrode you when you take damage.
   Will:      It greatly increases your willpower.
 J - a +5 vampiric demon whip (weapon)
Missiles
 e - 18 javelins (quivered)
 P - 7 poisoned darts
Armour
 c - a +1 helmet (worn)
 j - a scarf of shadows (worn)
 q - a +2 pair of gloves of stealth (worn)
 u - the +6 ice dragon scales of Nuom Uso (worn) {rElec rF- rC++}
   (You found it in a bailey)

   rF:        It makes you vulnerable to fire.
   rC:        It greatly protects you from cold.
   rElec:     It insulates you from electricity.
 y - the +0 pair of boots of the Original Sin (worn) {rElec rC- Will+++ rCorr}
   (You bought it in a shop on level 1 of the Lair of Beasts)

   rC:        It makes you vulnerable to cold.
   rElec:     It insulates you from electricity.
   rCorr:     It protects you from acid and corrosion.
   Will:      It greatly increases your willpower.
 K - a +2 tower shield of protection (worn)
Jewellery
 f - the ring "Mohirphec" {Wiz +Blink rC- Will+ Dex+4}
   (You acquired it on level 5 of the Lair of Beasts)

   [ring of wizardry]

   It improves your spell success rate.
   Dex:       It affects your dexterity (+4).
   rC:        It makes you vulnerable to cold.
   +Blink:    It lets you blink.
   Will:      It increases your willpower.
 g - an amulet of reflection (around neck)
 i - an amulet of magic regeneration
 o - a +6 ring of dexterity
 x - a ring of protection from cold
 B - a ring of flight
 D - the ring of Scepticism (left hand) {rF+++ rC+ rN+ Dex-4 SInv Stlth+}
   (You bought it in a shop on level 2 of the Orcish Mines)

   [ring of see invisible]

   Dex:       It affects your dexterity (-4).
   rF:        It renders you almost immune to fire.
   rC:        It protects you from cold.
   rN:        It protects you from negative energy.
   SInv:      It lets you see invisible.
   Stlth:     It makes you more stealthy.
 G - the ring of Hedonism (right hand) {rElec rF+ rN+ Will+}
   (You found it on level 11 of the Dungeon)

   [ring of positive energy]

   rF:        It protects you from fire.
   rElec:     It insulates you from electricity.
   rN:        It protects you from negative energy.
   Will:      It increases your willpower.
 L - an amulet of guardian spirit
 T - a ring of fire
Wands
 k - a wand of mindburst (5)
 M - a wand of iceblast (16)
 Q - a wand of flame (15)
 U - a wand of charming (18)
 V - a wand of digging (6)
 W - a wand of polymorph (7)
Scrolls
 p - 10 scrolls of teleportation
 r - 3 scrolls of identify
 v - 6 scrolls of enchant weapon
 A - 4 scrolls of summoning
 C - a scroll of magic mapping
 F - 2 scrolls of enchant armour
 X - 2 scrolls of fear
Potions
 h - 3 potions of lignification
 l - 2 potions of berserk rage
 m - 4 potions of curing
 n - 4 potions of brilliance
 w - 3 potions of haste
 E - 3 potions of flight
 H - a potion of heal wounds
 I - a potion of invisibility
 N - a potion of resistance
 O - 4 potions of cancellation
 R - a potion of mutation
 Y - a potion of might
Miscellaneous
 d - a box of beasts
 s - a tin of tremorstones (2/2)
 t - a condenser vane


   Skills:
 - Level 12.0 Fighting
 - Level 4.0 Short Blades
 - Level 14.0 Axes
 - Level 1.7 Throwing
 - Level 9.0 Armour
 - Level 6.0 Dodging
 - Level 6.0 Stealth
 - Level 14.0 Shields
 + Level 10.1 Evocations


You had 14 spell levels left.
You didn't know any spells.
Your spell library contained the following spells:

 Spells                   Type           Power      Damage    Failure   Level
 Summon Small Mammal      Summ           0%         N/A       99%         1
 Scorch                   Fire           0%         2d5       100%        2
 Static Discharge         Conj/Air       0%         2-2/arc   100%        2
 Call Canine Familiar     Summ           0%         N/A       100%        3
 Ignite Poison            Fire/Tmut/Pois 0%         N/A       100%        3
 Kindle Blastsparks       Fire/Tloc/Air  0%         2d10      100%        3
 Summon Guardian Golem    Hex/Summ       0%         N/A       100%        3
 Vhi's Electric Charge    Tloc/Air       0%         N/A       100%        3
 Flame Wave               Conj/Fire      0%         2d4       100%        4
 Summon Lightning Spire   Summ/Air       0%         N/A       100%        4
 Arcjolt                  Conj/Air       0%         1d10      100%        5
 Freezing Cloud           Conj/Ice/Air   0%         6-21      100%        5
 Lightning Bolt           Conj/Air       0%         1d11      100%        5
 Summon Forest            Summ/Tloc      0%         N/A       100%        5
 Eringya's Noxious Bog    Tmut/Pois      0%         N/A       100%        6
 Summon Cactus Giant      Summ           0%         N/A       100%        6
 Storm Form               Tmut/Air       0%         N/A       100%        7
 Summon Hydra             Summ           0%         N/A       100%        7
 Maxwell's Capacitive Co  Air            0%         ∞         100%        8


Dungeon Overview and Level Annotations

Branches:
Dungeon (12/15)            Temple (1/1) D:7            Lair (5/5) D:9
  Swamp (0/4) Lair:3        Snake (0/4) Lair:2        Slime (0/5) Lair:4
    Orc (2/2) D:12            Elf (0/3) Orc:2          Hell (visited)
 Bailey (visited)
    Dis: Hell:1         Geh: Hell:1         Coc: Hell:1         Tar: Hell:1

Altars:
Ashenzari
Cheibriados
Dithmenos
Fedhas
Gozag
Hepliaklqana
Kikubaaqudgha
Makhleb
Nemelex Xobeh
Okawaru
Qazlal
Ru
Sif Muna
Trog
Uskayaw
Vehumet
Wu Jian
Xom
Yredelemnul
Jiyva

Shops:
D:10 ?   D:12 *   Orc:2 *(=   Lair:1 [

Portals:
Hell: Lair:5
Pandemonium: Orc:2
Trove: D:10 (give horn of Geryon)

Annotations:
D:6 2 transporters, wormed's ghost, novice AtBe
Hell Geryon


Innate Abilities, Weirdness & Mutations

You are mostly covered in molten scales. (AC +3)
You may rarely emit foul miasma when damaged in melee.
You are completely covered in sharp spines.
You have a tail ending in a sharp stinger.
You have a somewhat thin skeletal structure. (Dex +2, Stealth+)


Message History

The harpy skeleton claws you but does no damage. x2
You block the sun demon's attack. The sun demon is struck by your spines.
The sun demon barely misses you.
You block the black mamba skeleton's attack.
The hell knight hits you from afar with a +2 glaive!
The reaper hits you from afar with a +2 scythe of venom!!
You are poisoned.
The red devil hits you from afar with a +0 trident!
Barbed spikes become lodged in your body.
The necromancer mumbles some strange words.
The necromancer binds the souls of nearby monsters.
The reaper hits you from afar with a +1 scythe of protection!!
There is a gateway back to the Dungeon, spattered with blood here.
The barbs in your skin will harm you if you move.
Continue?
Okay, then.
The barbs in your skin will harm you if you move.
Continue?
You feel extremely sick. The harpy skeleton claws you.
You block the harpy skeleton's attack. x3
The black mamba skeleton is struck by your spines.
You destroy the black mamba skeleton!
You block the sun demon's attack. The sun demon is struck by your spines.
The sun demon hits you but does no damage.
The harpy skeleton claws you. x2
* * * LOW HITPOINT WARNING * * *
The red devil hits you but does no damage.
The reaper hits you from afar with a +1 scythe of protection!!
* * * LOW HITPOINT WARNING * * *
The freezing wraith is struck by your spines.
The freezing wraith hits you.
* * * LOW HITPOINT WARNING * * *
The freezing wraith freezes you. You resist.
* * * LOW HITPOINT WARNING * * *
The freezing wraith hits you but does no damage.
The reaper barely misses you. You block the hell knight's attack.
The barbed spikes dig painfully into your body as you move.
* * * LOW HITPOINT WARNING * * *
Thank you for visiting Hell.
Please come again soon.
You go up through the gate.
Welcome back to the Lair of Beasts!
You die...
Your body crumbles into a pile of gold.

♣....♣ ♣
#######''######
#.............######
#....8....8...#..... #
#.............'[..8.
#≈###############[.8.#
#≈§≈≈≈≈≈........#...8.
#≈≈≈≈3[.[.......#..#.8
#§≈≈W@[[..._....'...#.
#≈≈≈3≈≈.....)...#..8.8
#≈§≈≈≈§≈≈≈§..)..#.....
#≈≈≈≈≈§≈≈≈≈≈≈#########
#≈≈≈≈≈≈≈≈≈≈≈§≈≈
################


You could see 2 sun demons and a freezing wraith.

Vanquished Creatures
  A balrug (Lair:5)
  A cacodemon (Lair:5)
  An orc warlord (D:12)
  A lorocyproca (Lair:5)
  A dire elephant (Lair:5)
  An ettin (Orc:1)
  An ice dragon (Lair:5)
  Erolcha (Orc:2)
  2 demonspawn (Orc:2)
  4 hydras
  2 boulder beetles
  A catoblepas (Lair:5)
  4 two-headed ogres
  Urug (Lair:5)
  A hell hog (Lair:5)
  6 sun demons (Lair:5)
  5 orc high priests
  4 soul eaters (Lair:5)
  9 hell knights (Lair:5)
  2 sixfirhies (Lair:5)
  A wizard (Lair:5)
  2 bog bodies (Lair:3)
  5 necromancers (Lair:5)
  7 orc knights
  A manticore (D:12)
  11 orc sorcerers
  An oklob plant (Lair:5)
  A cyclops (Orc:1)
  2 rust devils (Orc:2)
  9 elephants
  3 black mambas (Lair:5)
  2 smoke demons
  3 orange demons (Lair:5)
  11 cane toads
  A demonic crawler (Lair:5)
  8 rime drakes
  An unseen horror (D:11)
  7 komodo dragons
  3 red devils (Lair:5)
  4 ice devils (Lair:5)
  5 trolls
  A hellwing (Orc:2)
  4 polar bears
  10 blink frogs
  2 hornets
  6 dream sheep (Lair:4)
  The ghost of crescentfresh the Conjurer, an amateur TeCj of Vehumet (D:4)
  A shadow (D:11)
  4 wyverns
  53 yaks
  A vampire (D:10)
  3 basilisks
  A wraith (D:10)
  Eustachio (D:6)
  Grum (D:9)
  2 steam dragons
  A black mamba skeleton (Hell)
  5 vampire mosquitoes
  An acid dragon (D:10)
  10 wargs
  10 water moccasins
  3 hell hounds (Lair:5)
  3 nagas (Lair:2)
  50 orc warriors
  A black bear (D:6)
  An ice beast (D:6)
  2 sky beasts
  10 ogres
  26 wolves
  11 centaurs
  3 phantoms
  4 kobold brigands
  3 gnoll sergeants
  7 bullfrogs
  2 scorpions
  14 wights
  9 killer bees (D:9)
  5 vampire bats (Lair:5)
  2 howler monkeys
  A bullfrog zombie (D:4)
  5 hounds
  34 orc priests
  A gnoll bouda (D:8)
  3 jellies
  2 bullfrog skeletons (D:4)
  An iron imp (D:6)
  Ijyb (D:5)
  Natasha (D:2)
  3 iguanas
  17 orc wizards
  20 gnolls
  12 adders
  A shadow imp (D:8)
  2 worms (D:3)
  2 dart slugs
  108 orcs
  7 bats
  3 endoplasms
  3 giant cockroaches
  6 goblins
  5 hobgoblins
  6 jackals
  4 quokkas
  8 ball pythons
  2 frilled lizards (D:3)
  25 kobolds
  3 rats (D:1)
697 creatures vanquished.

Vanquished Creatures (collateral kills)
  2 komodo dragons (Lair:1)
  A polar bear (Lair:1)
  A water moccasin (Lair:1)
4 creatures vanquished.

Vanquished Creatures (others)
  A creeping inferno (Hell)
  19 fungi
  46 plants
  5 toadstools (D:3)
71 creatures vanquished.

Grand Total: 772 creatures vanquished

Notes
Turn   | Place    | Note
-------+----------+-------------------------------------------
     0 | D:1      | Newt the Demonspawn Gladiator began the quest for the Orb.
     0 | D:1      | Reached XP level 1. HP: 16/16 MP: 1/1
   144 | D:1      | Reached skill level 1 in Stealth
   162 | D:1      | Gained mutation: You are partially covered in sharp spines.
                  | [demonic ancestry]
   162 | D:1      | Reached XP level 2. HP: 19/22 MP: 2/2
   821 | D:2      | Gained mutation: You have a small tail. [demonic ancestry]
   821 | D:2      | Reached XP level 3. HP: 28/28 MP: 3/3
  1386 | D:2      | Noticed Natasha
  1398 | D:2      | Killed Natasha
  1399 | D:2      | Reached XP level 4. HP: 11/37 MP: 4/4
  2135 | D:3      | Identified the +0 leather armour of Lies {Drain Int+5}
  2611 | D:3      | Reached XP level 5. HP: 42/42 MP: 5/5
  3164 | D:4      | Noticed a water moccasin
  3173 | D:4      | Killed a water moccasin
  3174 | D:4      | Gained mutation: You may rarely emit foul miasma when
                  | damaged in melee. [demonic ancestry]
  3174 | D:4      | Reached XP level 6. HP: 48/48 MP: 6/6
  3213 | D:4      | Found a transporter.
  3224 | D:4      | Noticed crescentfresh's ghost (amateur TeCj)
  3397 | D:4      | Reached skill level 5 in Stealth
  3803 | D:5      | Entered Level 5 of the Dungeon
  3877 | D:5      | Gained mutation: You are mostly covered in sharp spines.
                  | [demonic ancestry]
  3877 | D:5      | Reached XP level 7. HP: 28/54 MP: 7/7
  4041 | D:5      | Noticed Ijyb
  4047 | D:5      | Killed Ijyb
  4092 | D:5      | Reached skill level 1 in Evocations
  4205 | D:5      | Identified the +10 hand axe of Defilement {speed, rC+
                  | rCorr}
  4335 | D:5      | Reached skill level 1 in Axes
  4543 | D:5      | Reached XP level 8. HP: 60/60 MP: 8/8
  4795 | D:6      | Reached skill level 5 in Axes
  4795 | D:6      | Reached skill level 1 in Armour
  4876 | D:6      | Noticed Eustachio
  4887 | D:6      | Killed Eustachio
  4888 | D:6      | Reached skill level 1 in Shields
  4985 | D:6      | Found a snail-covered altar of Cheibriados.
  5287 | D:6      | Found a transporter.
  5300 | D:6      | Found a transporter.
  5302 | D:6      | Noticed wormed's ghost (novice AtBe)
  5306 | D:6      | Noticed a boulder beetle
  5325 | D:6      | Reached XP level 9. HP: 50/65 MP: 9/9
  5540 | D:6      | Reached skill level 5 in Shields
  5655 | D:4      | Found a transporter.
  5669 | D:4      | Killed crescentfresh's ghost
  5670 | D:4      | Reached skill level 5 in Fighting
  6043 | D:7      | Found a staircase to the Ecumenical Temple.
  6117 | Temple   | Entered the Ecumenical Temple
  6271 | Temple   | Became a worshipper of Gozag Ym Sagoz the Greedy
  6652 | D:8      | Gained mutation: You are partially covered in molten
                  | scales. (AC +2) [demonic ancestry]
  6652 | D:8      | Reached XP level 10. HP: 70/79 MP: 10/10
  6664 | D:8      | Found a flagged portal.
  6731 | Bailey   | Entered a bailey
  6887 | Bailey   | Noticed an orc knight
  6907 | Bailey   | Killed an orc knight
  7250 | Bailey   | Identified the +6 ice dragon scales of Nuom Uso {rElec rF-
                  | rC++}
  7817 | D:8      | Found a hide-covered altar of Uskayaw.
  7859 | D:8      | Found a sparkling altar of Nemelex Xobeh.
  8443 | D:9      | Noticed Grum
  8448 | D:9      | Killed Grum
  8992 | D:9      | Gained mutation: You are completely covered in sharp
                  | spines. [demonic ancestry]
  8992 | D:9      | Reached XP level 11. HP: 82/86 MP: 11/11
  9300 | D:9      | Identified the +5 long sword of Hard Scrabble {flame,
                  | *Corrode Int+9 Dex+2 SInv}
  9427 | D:9      | Noticed a boulder beetle
  9467 | D:9      | Killed a boulder beetle
  9845 | D:9      | Found a staircase to the Lair.
  9906 | D:10     | Entered Level 10 of the Dungeon
  9941 | Lair:1   | Entered Level 1 of the Lair of Beasts
 10088 | Lair:1   | Reached skill level 10 in Fighting
 10360 | Lair:1   | Bought a pair of glimmering boots for 285 gold pieces
 10360 | Lair:1   | Identified the +0 pair of boots of the Original Sin {rElec
                  | rC- Will+++ rCorr} (You bought it in a shop on level 1 of
                  | the Lair of Beasts)
 10365 | Lair:1   | Bought a distressingly furry ring mail for 270 gold pieces
 10365 | Lair:1   | Identified the +1 ring mail "Hunus" {MP+9} (You bought it
                  | in a shop on level 1 of the Lair of Beasts)
 10365 | Lair:1   | Bought a bloodstained scale mail for 270 gold pieces
 10365 | Lair:1   | Identified the +0 scale mail "Howivom" {rElec rPois Dex+2}
                  | (You bought it in a shop on level 1 of the Lair of Beasts)
 11051 | Lair:2   | Found a staircase to the Snake Pit.
 11251 | Lair:2   | Reached skill level 10 in Axes
 11266 | Lair:2   | Noticed a four-headed hydra
 11281 | Lair:2   | Killed a four-headed hydra
 11483 | Lair:2   | Gained mutation: You have a tail ending in a sharp stinger.
                  | [demonic ancestry]
 11483 | Lair:2   | Reached XP level 12. HP: 85/97 MP: 12/12
 11970 | Lair:3   | Paralysed by a hornet for 2 turns
 12239 | Lair:3   | Found a staircase to the Swamp.
 12485 | Lair:3   | Noticed a six-headed hydra
 12495 | Lair:3   | Killed a six-headed hydra
 12758 | Lair:3   | Reached skill level 5 in Armour
 13971 | Lair:4   | Found a staircase to the Slime Pits.
 13975 | Lair:4   | Found a viscous altar of Jiyva.
 14154 | Lair:5   | Entered Level 5 of the Lair of Beasts
 14200 | Lair:5   | Noticed Urug
 14224 | Lair:5   | Killed Urug
 14252 | Lair:5   | Reached XP level 13. HP: 66/103 MP: 13/13
 14320 | Lair:5   | Identified a scroll of acquirement
 14320 | Lair:5   | Acquired the ring "Mohirphec" {Wiz +Blink rC- Will+ Dex+4}
 14550 | Lair:5   | Reached skill level 5 in Evocations
 15230 | Lair:5   | Noticed a dire elephant
 15251 | Lair:5   | Killed a dire elephant
 15541 | Lair:5   | Found a burning altar of Makhleb.
 15895 | Lair:5   | Found a gateway to Hell.
 17068 | D:10     | Found a stormy altar of Qazlal.
 17133 | D:10     | Gained mutation: You are mostly covered in molten scales.
                  | (AC +3) [demonic ancestry]
 17133 | D:10     | Reached XP level 14. HP: 115/115 MP: 14/14
 17134 | D:10     | Bought a scroll of enchant armour for 142 gold pieces
 17134 | D:10     | Bought a scroll of identify for 38 gold pieces
 17134 | D:10     | Bought a scroll of identify for 38 gold pieces
 17134 | D:10     | Bought a scroll of teleportation for 57 gold pieces
 17361 | Lair:1   | Bought a pair of glowing gloves for 225 gold pieces
 17572 | D:10     | Found a portal to a secret trove of treasure.
 17962 | D:11     | Identified the ring of Hedonism {rElec rF+ rN+ Will+}
 17980 | D:11     | Acquired a manual of Shields
 18182 | D:12     | Found a staircase to the Orcish Mines.
 18252 | Orc:1    | Entered Level 1 of the Orcish Mines
 18270 | Orc:1    | Reached skill level 10 in Shields
 18760 | Orc:1    | Noticed an orc warlord
 18940 | D:12     | HP: 2/115 [orc knight/+0 battleaxe (10)]
 19235 | D:12     | Bought a scroll of teleportation for 39 gold pieces
 19235 | D:12     | Bought a box of beasts for 520 gold pieces
 19323 | Orc:1    | Noticed an orc warlord
 19365 | D:12     | Killed an orc warlord
 20030 | Orc:1    | You fall into a shaft and drop 1 floor!
 20030 | Orc:2    | Entered Level 2 of the Orcish Mines
 20374 | Orc:2    | Found a staircase to the Elven Halls.
 20564 | Orc:2    | Found Dotzapaj's Magic Scroll Boutique.
 20568 | Orc:2    | Found Toblohad's General Store.
 20591 | Orc:2    | Noticed Erolcha
 21622 | Orc:2    | Found Gushrag's Jewellery Emporium.
 21622 | Orc:2    | Found Ihoisku's Antique Weapon Shoppe.
 21622 | Orc:2    | Found a one-way gate leading to the halls of Pandemonium.
 21633 | Orc:2    | Bought a jewelled hand axe for 224 gold pieces
 21633 | Orc:2    | Identified the +5 hand axe of Fate {venom, *Corrode Fly
                  | Will++} (You bought it in a shop on level 2 of the Orcish
                  | Mines)
 21635 | Orc:2    | Bought the ring of Scepticism {rF+++ rC+ rN+ Dex-4 SInv
                  | Stlth+} for 1064 gold pieces
 21914 | Orc:2    | Killed Erolcha
 22557 | Hell     | Entered the Vestibule of Hell
 22557 | Hell     | Noticed Geryon
 22558 | Hell     | Noticed a reaper
 22570 | Lair:5   | Reached XP level 15. HP: 83/120 MP: 15/15
 24101 | Hell     | Gained mutation: You have a somewhat thin skeletal
                  | structure. (Dex +2, Stealth+) [a cacodemon]
 24129 | Lair:5   | Reached skill level 5 in Dodging
 26912 | Lair:5   | Reached skill level 10 in Evocations
 27160 | Hell     | HP: 5/120 [freezing wraith (2)]
 27161 | Hell     | HP: 1/120 [barbs]
 27161 | Lair:5   | Succumbed to a reaper's poison

Illustrated notes

Levels and vault maps discovered:
D:1:      minmay_arrival_diagonal_passages, layout_loops_cross
D:2:      layout_loops_ring, uniq_natasha
D:3:      layout_loops_ring, minmay_gold_behind_fungi
D:4:      layout_cave_pools, gammafunk_ghost_mausoleum
D:5:      minmay_skewed_foursquare, layout_cave_pools,
          chequers_serial_rivers_micro_d, minmay_misc_feat_rugged, uniq_ijyb
D:6:      layout_basic, slow_altar_2, gammafunk_ghost_arena,
          hangedman_abyss_or_decor_passed, uniq_eustachio
D:7:      layout_rooms, minmay_temple_entry_drinking_statues,
          grunt_decor_resistance, grunt_ministairs_4
D:8:      layout_loops_corners, lemuel_doored_altar, kennysheep_little_box,
          enter_bailey_3
D:9:      layout_rooms, david_lair_shrubbed, grunt_ministairs_15,
          dreamdust_wishing_well, feat_on_display, uniq_grum
D:10:     layout_cave_pools, mainiacjoe_overflow_small_starburst,
          nicolae_trove_entry_isolated
D:11:     layout_rooms
D:12:     layout_irregular_city, minmay_orc_entry_guard_dogs,
          minmay_ruined_shrine
Temple:   regret_index_temple_mists
Lair:1:   layout_cave_pods
Lair:2:   layout_gridlike, guppyfry_snake_entry_garden
Lair:3:   layout_roguey, skrybe_swamp_entry_bodies, serial_bayou_shore_b
Lair:4:   layout_concentric_octagons, dpeg_slime_entry_corner,
          serial_bayou_shore_b
Lair:5:   evil_forest, layout_misc_corridors, minmay_lair_oklob_items,
          roderic_batcave, minmay_lair_drake_nest, infiniplex_staircase_pool_2,
          uniq_urug
Orc:1:    layout_diamond_mine, gammafunk_ghost_necromancy, minmay_orc_treasury
Orc:2:    pf_orc_diabolical, layout_diamond_mine, kennysheep_orc_chapel,
          uniq_erolcha
Hell

Skill      XL: |  1  2  3  4  5  6  7  8  9 10 11 12 13 14 15 |
---------------+----------------------------------------------+-----
Stealth        | 1 2 4 5 6 |  6.0
Fighting       | 4 7 10 12 | 12.0
Short Blades   | 3 4 |  4.0
Evocations     | 3 4 9 10 | 10.1
Axes           | 3 5 6 8 10 12 13 14 | 14.0
Armour         | 4 9 |  9.0
Shields        | 3 5 8 14 | 14.0
Dodging        | 6 |  6.0
Throwing       | |  1.7

Action                   |  1- 3 |  4- 6 |  7- 9 | 10-12 | 13-15 || total
-------------------------+-------+-------+-------+-------+-------++-------
Melee: Rapier            |    71 |   153 |    17 |       |       ||   241
       Tailslap          |     3 |    25 |    27 |   112 |   300 ||   467
       Punch             |     1 |     1 |     1 |       |       ||     3
       Hand axe          |       |       |   208 |   583 |  1344 ||  2135
       Flail             |       |       |       |    11 |       ||    11
       Eveningstar       |       |       |       |       |     9 ||     9
Throw: Throwing net      |     4 |       |       |     1 |     1 ||     6
       Javelin           |     3 |     5 |       |       |     1 ||     9
       Dart              |       |       |       |     1 |       ||     1
Invok: Call Merchant     |       |       |       |     1 |     2 ||     3
Evoke: Wand              |       |       |       |     4 |     7 ||    11
  Use: Scroll            |       |    11 |     1 |    12 |     9 ||    33
       Potion            |       |       |       |       |     3 ||     3
 Stab: Sleeping          |     2 |     1 |    13 |     6 |     2 ||    24
       Distracted        |       |       |       |     4 |    11 ||    15
Armor: Leather armour    |    15 |    36 |    25 |    14 |       ||    90
       Ice dragon scales |       |       |       |   150 |   414 ||   564
Dodge: Dodged            |    42 |    50 |    59 |    79 |   187 ||   417
Block: Other             |    13 |    38 |    12 |       |       ||    63
       Reflection        |       |     1 |     2 |     8 |    25 ||    36
       Kite shield       |       |       |   107 |    63 |       ||   170
       Tower shield      |       |       |       |   496 |  1324 ||  1820

Table legend: (Time is in decaauts)
 A = Elapsed time spent in this place.
 B = Non-inter-level travel time spent in this place.
 C = Inter-level travel time spent in this place.
 D = Time resting spent in this place.
 E = Time spent auto-exploring this place.
 F = Levels seen in this place.
 G = Mean time per level.
                   A        B        C        D        E       F      G
               +--------+--------+--------+--------+--------+-----+--------+
         Total |  26659 |  25500 |   1159 |   8801 |  12646 |  22 | 1211.8 |
       Dungeon |  11748 |  11110 |    638 |   3166 |   6101 |  12 |  979.0 |
        Temple |    214 |    168 |     46 |      0 |    148 |   1 |  214.0 |
          Lair |  11355 |  10904 |    451 |   4638 |   4975 |   5 | 2271.0 |
  Orcish Mines |   2625 |   2604 |     21 |    717 |   1278 |   2 | 1312.5 |
          Hell |     63 |     63 |      0 |      0 |      0 |   1 |   63.0 |
        Bailey |    651 |    651 |      0 |    280 |    143 |   1 |  651.0 |
               +--------+--------+--------+--------+--------+-----+--------+

Top non-repeatable levels by time:
  Lair:5: 6927 daAuts
   Orc:2: 1997 daAuts
     D:8: 1754 daAuts
    D:12: 1365 daAuts
  Lair:3: 1303 daAuts
  Lair:1: 1256 daAuts
     D:3: 1229 daAuts
     D:2: 1210 daAuts
     D:9: 1106 daAuts
     D:5: 978 daAuts
  Lair:4: 964 daAuts
     D:6: 913 daAuts
  Lair:2: 904 daAuts
     D:4: 758 daAuts
     D:1: 681 daAuts
